 Dungeon Crawl Stone Soup version 0.27-a0-1051-g288ea87c7c (webtiles) character file.

Game seed: 6542081126063780120

268 rageheart7 the Cutter (level 6, -1/40 HPs)
             Began as a Kobold Monk on Apr 21, 2021.
             Was a Believer of Dithmenos.
             Slain by a lemure (7 damage)
             ... led by Pikel
             ... on level 4 of the Dungeon.
             The game lasted 00:03:05 (3399 turns).

rageheart7 the Cutter (Kobold Monk)                 Turns: 3399, Time: 00:03:06

Health: -1/40      AC:  7    Str:  9    XL:     6   Next: 46%
Magic:  5/5        EV: 12    Int: 11    God:    Dithmenos [**....]
Gold:   151        SH:  0    Dex: 23    Spells: 5/5 levels left

rFire    . . .     SeeInvis .   t - +0 dagger
rCold    + . .     Faith    .   (shield restricted)
rNeg     + . .     Spirit   .   w - +2 scale mail {rN+}
rPois    .         Reflect  .   i - +1 helmet
rElec    .         Harm     .   (no cloak)
rCorr    .         Rampage  .   (no gloves)
Will     +....                  (no boots)
Stlth    +++.......             (no amulet)
HPRegen  0.13/turn              m - +6 ring of dexterity
MPRegen  0.09/turn              o - ring of willpower

@: wreathed by umbra
A: small, no large weapons, nightstalker 3, cold resistance 1, deformed body,
low mp 1, weak 1
a: Renounce Religion, Shadow Step


You were on level 4 of the Dungeon.
You worshipped Dithmenos.
Dithmenos was pleased with you.
You visited 2 branches of the dungeon, and saw 6 of its levels.

You collected 151 gold pieces.

Inventory:

Hand Weapons
 t - a +0 dagger (weapon)
Missiles
 e - 4 curare-tipped darts (quivered)
Armour
 b - a +0 robe
 i - a +1 helmet (worn)
 w - a +2 scale mail of positive energy (worn)
Jewellery
 m - a +6 ring of dexterity (left hand)
 o - a ring of willpower (right hand)
 s - a ring of resist corrosion
 v - a +6 ring of intelligence
Wands
 a - a wand of iceblast (14)
Scrolls
 c - 4 scrolls of identify {unknown}
 d - 2 scrolls of magic mapping {unknown}
 g - a scroll of blinking {unknown}
 j - a scroll of enchant weapon {unknown}
 n - a scroll of vulnerability {unknown}
 q - a scroll of acquirement {unknown}
 u - a scroll of amnesia {unknown}
 x - a scroll of noise {unknown}
Potions
 f - a potion of resistance
 l - a potion of flight
 r - a potion of mutation


   Skills:
 * Level 5.3 Fighting
 * Level 6.4 Short Blades
 - Level 3.6 Dodging
 + Level 4.6 Stealth


You had 5 spell levels left.
You didn't know any spells.
Your spell library was empty.

Dungeon Overview and Level Annotations

Branches:
Dungeon (5/15)             Temple (1/1) D:4

Altars:
Ashenzari
Cheibriados
Dithmenos
Elyvilon
Fedhas
Gozag
Hepliaklqana
Kikubaaqudgha
Nemelex Xobeh
Okawaru
Qazlal
Sif Muna
Trog
Wu Jian
Xom
Yredelemnul
Zin
The Shining One


Innate Abilities, Weirdness & Mutations

You are small and have problems with some larger weapons.
You are completely attuned to the shadows.
Your flesh is cold resistant. (rC+)
Armour fits poorly on your strangely shaped body.
Your magical capacity is low. (-10% MP)
You are weak. (Str -2)


Message History

You barely miss the lemure.
The lemure is severely wounded.
The lemure closely misses you.
You barely miss the lemure.
The lemure is severely wounded.
The lemure barely misses you.
You hit the lemure but do no damage.
The lemure is severely wounded.
You closely miss the lemure.
The lemure is severely wounded.
The lemure barely misses you.
You closely miss the lemure.
The lemure is heavily wounded.
The lemure hits you but does no damage.
You closely miss the lemure.
The lemure is heavily wounded.
You hit the lemure but do no damage.
The lemure is heavily wounded.
The lemure misses you.
You hit the lemure but do no damage.
The lemure is heavily wounded.
The lemure hits you but does no damage.
You hit the lemure but do no damage.
The lemure is heavily wounded.
You closely miss the lemure.
The lemure is heavily wounded.
The lemure misses you.
You completely miss the lemure.
The lemure is heavily wounded.
The lemure hits you.
* * * LOW HITPOINT WARNING * * *
You completely miss the lemure.
The lemure is heavily wounded.
You closely miss the lemure.
The lemure is heavily wounded.
The lemure hits you but does no damage.
You feel less attractive to monsters.
You hit the lemure but do no damage.
The lemure is heavily wounded.
The lemure hits you!
You die...

#........#####.
#.......### #.
#...#....... #.
###..##.#.###. #. #
#.......#... #. #.
###..##.#.### #.
#.####..##)#.# #.##.
#.......##.# .....
#..@5...##.# #.##.
#.####..##.##### #. #
#........# #.
#.......## #. #+##
#.#####.#
.....##.....#.#
.........##.#.###
.........##.....#
.#..†..#.........#...


You could see a lemure.

Vanquished Creatures
  Edmund (D:4)
  A lemure (D:4)
  An iguana (D:4)
  A hound skeleton (D:4)
  A gnoll (D:1)
  5 adders
  A dart slug (D:1)
  4 ball pythons
  2 endoplasms
  5 giant cockroaches
  4 goblins
  3 hobgoblins
  6 jackals (D:4)
  3 quokkas
  4 bats
  A frilled lizard (D:2)
  10 kobolds
  2 rats
55 creatures vanquished.

Notes
Turn   | Place    | Note
-------+----------+-------------------------------------------
     0 | D:1      | rageheart7 the Kobold Monk began the quest for the Orb.
     0 | D:1      | Reached XP level 1. HP: 14/14 MP: 1/1
   403 | D:1      | Reached XP level 2. HP: 19/19 MP: 2/2
   728 | D:1      | Reached XP level 3. HP: 24/24 MP: 3/3
  1349 | D:2      | Reached XP level 4. HP: 29/29 MP: 4/4
  1357 | D:2      | Reached skill level 5 in Short Blades
  2645 | D:4      | Reached XP level 5. HP: 19/34 MP: 5/5
  2946 | D:4      | Noticed Edmund
  2952 | D:4      | Killed Edmund
  2953 | D:4      | Reached skill level 5 in Fighting
  2953 | D:4      | Reached skill level 6 in Short Blades
  2953 | D:4      | Reached XP level 6. HP: 33/40 MP: 6/6
  3005 | D:4      | Found a staircase to the Ecumenical Temple.
  3051 | D:5      | Entered Level 5 of the Dungeon
  3067 | Temple   | Entered the Ecumenical Temple
  3097 | Temple   | Became a worshipper of Dithmenos the Shadowed
  3097 | Temple   | Reached * piety under Dithmenos
  3097 | Temple   | Reached ** piety under Dithmenos
  3337 | D:4      | Gained mutation: Your magical capacity is low. (-10% MP)
                  | [potion of mutation]
  3337 | D:4      | Gained mutation: Armour fits poorly on your strangely
                  | shaped body. [potion of mutation]
  3337 | D:4      | Gained mutation: You are weak. (Str -2) [potion of
                  | mutation]
  3337 | D:4      | Gained mutation: Your flesh is cold resistant. (rC+)
                  | [potion of mutation]
  3399 | D:4      | Slain by a lemure

Illustrated notes

Levels and vault maps discovered:
D:1:      dpeg_arrival_leaves_temple_mockup, layout_loops_corners
D:2:      layout_loops_ring
D:3:      layout_basic, corner_web_ring
D:4:      layout_basic, chequers_temple_overflow_minitemple,
          minmay_temple_entry_sparse_star, serial_glass, glass_columns_a,
          glass_columns_b, feat_on_display, item_on_display_a,
          minmay_strange_pillars, uniq_natasha, uniq_edmund, uniq_pikel
D:5:      old_forge, layout_rooms, lemuel_coloured_pillars_altar,
          minmay_misc_feat_roman, uniq_eustachio, uniq_blork_the_orc
Temple:   nicolae_temple_no_exploring_needed

Skill      XL: |  1  2  3  4  5 |
---------------+----------------+-----
Stealth        | 3 4 |  4.6
Fighting       | 4 5 |  5.3
Short Blades   | 5 6 |  6.4
Dodging        | |  3.6

Action                   |  1- 3 |  4- 6 || total
-------------------------+-------+-------++-------
Melee: Short sword       |    44 |    43 ||    87
       Dagger            |       |   243 ||   243
  Use: Potion            |       |     6 ||     6
 Stab: Sleeping          |    14 |    15 ||    29
Armor: Robe              |     1 |    19 ||    20
       Scale mail        |       |    25 ||    25
Dodge: Dodged            |    25 |   167 ||   192

Table legend: (Time is in decaauts)
 A = Elapsed time spent in this place.
 B = Non-inter-level travel time spent in this place.
 C = Inter-level travel time spent in this place.
 D = Time resting spent in this place.
 E = Time spent auto-exploring this place.
 F = Levels seen in this place.
 G = Mean time per level.
                   A        B        C        D        E       F      G
               +--------+--------+--------+--------+--------+-----+--------+
         Total |   3312 |   3216 |     96 |      0 |   2714 |   6 |  552.0 |
       Dungeon |   3274 |   3184 |     90 |      0 |   2687 |   5 |  654.8 |
        Temple |     37 |     31 |      6 |      0 |     27 |   1 |   37.0 |
               +--------+--------+--------+--------+--------+-----+--------+

Top non-repeatable levels by time:
     D:1: 952 daAuts
     D:4: 815 daAuts
     D:3: 770 daAuts
     D:2: 734 daAuts
  Temple: 37 daAuts
     D:5: 1 daAuts
